 Dungeon Sprint DCSS version 0.29.1-12-g30fa7ad0bf (webtiles) character file.

Game seed: 10156428343317532389

19074 112233 the Bludgeoner (level 12, 0/133 HPs)
             Began as a Troll Gladiator on Dec 25, 2022.
             Was the Champion of the Shining One.
             Slain by a stone giant (41 damage)
             ... in the Dungeon (Sprint IX: "|||||||||||||||||||||||||||||").
             The game lasted 00:10:15 (2174 turns).

112233 the Bludgeoner (Troll Gladiator)             Turns: 2174, Time: 00:10:16

Health: 0/133      AC:  7    Str: 27    XL:     12   Next: 33%
Magic:  15/18      EV: 18    Int:  4    God:    the Shining One [******]
Gold:   393        SH: 10    Dex: 16    Spells: 11/11 levels left

rFire   . . .      SeeInvis .   g - +6 giant spiked club (holy)
rCold   . . .      Faith    .   (shield currently unavailable)
rNeg    + + +      Spirit   .   s - +0 troll leather armour
rPois   .          Reflect  .   c - +0 hat
rElec   .          Harm     .   o - +0 cloak
rCorr   .          Rampage  .   (gloves unavailable)
Will    .....      NoTele   +   (boots unavailable)
Stlth   +.........              j - amulet of regeneration
HPRegen 2.72/turn               p - +2 ring of evasion
MPRegen 0.16/turn               q - +3 ring of dexterity

@: divinely shielded, glowing
A: large, unfitting armour, claws 3, regeneration 1, shaggy fur 1, tough skin 1
a: Renounce Religion, Divine Shield, Cleansing Flame, Summon Divine Warrior


You were in the Dungeon.
You worshipped the Shining One.
The Shining One was exalted by your worship.
You visited 1 branch You collected 1941 gold pieces.
You spent 1548 gold pieces at shops.

Inventory:

Hand Weapons
 g - a +6 giant spiked club of holy wrath (weapon)
Missiles
 d - 5 large rocks (quivered)
 e - a throwing net
 r - 2 boomerangs
Armour
 c - a +0 hat (worn)
 o - a +0 cloak (worn)
 s - a +0 troll leather armour (worn)
 B - a +1 tower shield
 C - +0 acid dragon scales
 D - a +1 tower shield
 E - +0 shadow dragon scales
Jewellery
 j - an amulet of regeneration (around neck)
 p - a +2 ring of evasion (left claw)
 q - a +3 ring of dexterity (right claw)
 x - a ring of poison resistance
 y - a ring of protection from fire
 z - a ring of see invisible
 A - a ring of ice
Wands
 m - a wand of acid (4)
Scrolls
 l - 2 scrolls of amnesia
 u - 3 scrolls of identify
 w - 2 scrolls of fog
 H - 2 scrolls of enchant armour
Potions
 f - 3 potions of curing
 i - 4 potions of magic
 k - a potion of brilliance
 t - 2 potions of mutation


   Skills:
 + Level 12.4 Fighting
 * Level 19.1 Maces & Flails
 - Level 5.1 Throwing
 + Level 3.6 Armour
 + Level 13.4 Dodging
 - Level 10.5 Invocations


You had 11 spell levels left.
You didn't know any spells.
Your spell library contained the following spells:

 Spells                   Type           Power      Damage    Failure   Level
 Portal Projectile        Hex/Tloc       0%         N/A       88%         3
 Tukima's Dance           Hex            0%         N/A       88%         3
 Flame Wave               Conj/Fire      0%         2d4       99%         4
 Fireball                 Conj/Fire      0%         3d3       100%        5
 Silence                  Hex/Air        0%         N/A       100%        5
 Yara's Violent Unravell  Hex/Tmut       0%         3d3       100%        5
 Starburst                Conj/Fire      0%         6d3       100%        6
 Ignition                 Fire           0%         3d3       100%        8


Dungeon Overview and Level Annotations

Branches:
Dungeon (1/1)

Altars:
Cheibriados
Dithmenos
Elyvilon
Fedhas
Gozag
Hepliaklqana
Kikubaaqudgha
Makhleb
Nemelex Xobeh
Okawaru
Qazlal
Ru
Sif Muna
Trog
Uskayaw
Vehumet
Wu Jian
Xom
Yredelemnul
Zin
The Shining One
Jiyva
Lugonu

Shops:
D :=((


Innate Abilities, Weirdness & Mutations

You are too large for most types of armour.
You have claws for hands.
Your natural rate of healing is unusually fast.
You are covered in fur. (AC +1)
You have tough skin. (AC +1)


Message History

You feel yourself slow down.
You start resting.
Magic restored.
You start resting.
HP restored.
You start waiting.
You feel yourself speed up.
Things that are here:
a +2 vorpal morningstar; a +0 sling; a +0 flail
There is an open door, spattered with blood here.
You see here a +1 lajatang.
Your divine shield fades away.
You see here a +0 bardiche.
You see here a +3 broad axe.
You recover from your berserk rage.
You see here a +3 dire flail.
You see here a +2 vorpal glaive.
You see here a +1 battleaxe.
You see here a +1 demon whip.
A stone giant comes into view.
You see here a +3 quick blade.
The hell knight shouts!
The stone giant throws a large rock.
The large rock hits you!!!
You see here a +2 plate armour.
You bludgeon the stone giant!!
The stone giant is moderately wounded.
The stone giant hits you!!
You are too injured to fight recklessly!
You thump the stone giant!
The stone giant is heavily wounded.
The stone giant hits you!!
* * * LOW HITPOINT WARNING * * *
A divine shield forms around you! You block the stone giant's attack.
Unknown command.
You feel better. You block the stone giant's attack.
Unknown command.
You perforate the stone giant like a sieve!!!
The stone giant is almost dead.
The stone giant hits you!!!
You die...

▓▓▓▓▓▓▓▓▓▓▓▓▓▓▓▓▓▓▓▓▓▓▓▓▓▓▓▓▓▓▓▓▓
'.....)))))))).[@Cp[.[....D......
▓▓▓▓▓▓▓▓▓▓▓▓▓▓▓▓▓▓▓▓▓▓▓▓▓▓▓▓▓▓▓▓▓
.................................
▓▓▓▓▓▓▓▓▓▓▓▓▓▓▓▓▓▓▓▓▓▓▓▓▓▓▓▓▓▓▓▓▓
....).)))).)).....)))))))....).')
▓▓▓▓▓▓▓▓▓▓▓▓▓▓▓▓▓▓▓▓▓▓▓▓▓▓▓▓▓▓▓▓▓
..............)..................
▓▓▓▓▓▓▓▓▓▓▓▓▓▓▓▓▓▓▓▓▓▓▓▓▓▓▓▓▓▓▓▓▓
.....[......†.......†.††........†


You could see a stone giant and a hell knight.

Vanquished Creatures
  2 fire dragons (D)
  A boulder beetle (D)
  3 hydras (D)
  2 two-headed ogres (D)
  A centaur warrior (D)
  An orc high priest (D)
  A death yak (D)
  A wizard (D)
  3 lindwurms (D)
  A deep elf pyromancer (D)
  4 orc knights (D)
  2 orc sorcerers (D)
  A cyclops (D)
  An elephant (D)
  Joseph (D)
  2 cane toads (D)
  A black mamba (D)
  A rime drake (D)
  A kobold demonologist (D)
  A yaktaur (D)
  A troll (D)
  A slime creature (D)
  2 tyrant leeches (D)
  2 blink frogs (D)
  A wraith (D)
  2 basilisks (D)
  A vampire mosquito (D)
  2 water moccasins (D)
  An ogre (D)
  13 orc warriors (D)
  A wolf (D)
  3 bullfrogs (D)
  2 howler monkeys (D)
  A jelly (D)
  A hound (D)
  4 orc priests (D)
  3 orc wizards (D)
  3 worms (D)
  14 orcs (D)
  An endoplasm (D)
  2 giant cockroaches (D)
  A hobgoblin (D)
  A kobold (D)
94 creatures vanquished.

Vanquished Creatures (collateral kills)
  An ettin (D)
  An ugly thing (D)
  A meliai (D)
  A vampire mosquito (D)
4 creatures vanquished.

Grand Total: 98 creatures vanquished

Notes
Turn   | Place    | Note
-------+----------+-------------------------------------------
     0 | D        | 112233 the Troll Gladiator began the quest for the Orb.
     0 | D        | Reached XP level 1. HP: 19/19 MP: 0/0
     6 | D        | Reached skill level 3 in Maces & Flails
    25 | D        | Noticed an ogre
    25 | D        | Noticed a hound
    25 | D        | Noticed a jelly
    25 | D        | Noticed a howler monkey
    34 | D        | Killed an ogre
    35 | D        | Reached skill level 6 in Maces & Flails
    35 | D        | Reached skill level 5 in Dodging
    35 | D        | Reached XP level 2. HP: 29/29 MP: 1/1
    35 | D        | Reached XP level 3. HP: 36/36 MP: 2/2
    35 | D        | Reached XP level 4. HP: 44/44 MP: 3/3
    53 | D        | Reached skill level 7 in Maces & Flails
    53 | D        | Reached XP level 5. HP: 15/53 MP: 4/4
   102 | D        | Found a snail-covered altar of Cheibriados.
   102 | D        | Found a shadowy altar of Dithmenos.
   102 | D        | Found a white marble altar of Elyvilon.
   102 | D        | Found a blossoming altar of Fedhas.
   102 | D        | Found an opulent altar of Gozag.
   103 | D        | Found a hazy altar of Hepliaklqana.
   104 | D        | Found a viscous altar of Jiyva.
   105 | D        | Found an ancient bone altar of Kikubaaqudgha.
   106 | D        | Found a corrupted altar of Lugonu.
   107 | D        | Found a burning altar of Makhleb.
   108 | D        | Found a sparkling altar of Nemelex Xobeh.
   109 | D        | Found an iron altar of Okawaru.
   110 | D        | Found a stormy altar of Qazlal.
   111 | D        | Found a sacrificial altar of Ru.
   112 | D        | Found a shimmering blue altar of Sif Muna.
   113 | D        | Found a bloodstained altar of Trog.
   114 | D        | Found a hide-covered altar of Uskayaw.
   115 | D        | Found a radiant altar of Vehumet.
   116 | D        | Found an ornate altar of the Wu Jian Council.
   117 | D        | Found a shimmering altar of Xom.
   118 | D        | Found a basalt altar of Yredelemnul.
   119 | D        | Found a glowing silver altar of Zin.
   120 | D        | Found a glowing golden altar of the Shining One.
   128 | D        | Became a worshipper of the Shining One
   159 | D        | Noticed a two-headed ogre
   159 | D        | Noticed a two-headed ogre
   159 | D        | Noticed an orc warrior
   159 | D        | Reached * piety under the Shining One
   159 | D        | Noticed a kobold demonologist
   159 | D        | Noticed a troll
   175 | D        | Killed a two-headed ogre
   176 | D        | Reached skill level 10 in Maces & Flails
   176 | D        | Reached XP level 6. HP: 62/67 MP: 4/8
   176 | D        | Reached XP level 7. HP: 69/75 MP: 4/9
   193 | D        | Killed a two-headed ogre
   194 | D        | Reached skill level 11 in Maces & Flails
   194 | D        | Reached XP level 8. HP: 84/84 MP: 5/11
   206 | D        | Noticed a red devil
   208 | D        | Killed a kobold demonologist
   208 | D        | Reached ** piety under the Shining One
   209 | D        | Reached skill level 12 in Maces & Flails
   217 | D        | Killed a troll
   218 | D        | Reached XP level 9. HP: 51/93 MP: 8/13
   284 | D        | Noticed a cyclops
   284 | D        | Reached *** piety under the Shining One
   284 | D        | Noticed a boulder beetle
   284 | D        | Noticed a centaur warrior
   456 | D        | Killed a cyclops
   461 | D        | Reached skill level 13 in Maces & Flails
   463 | D        | Reached **** piety under the Shining One
   466 | D        | Killed a centaur warrior
   660 | D        | Killed a boulder beetle
   661 | D        | Reached skill level 14 in Maces & Flails
   661 | D        | Reached skill level 10 in Dodging
   833 | D        | Noticed a four-headed hydra
   833 | D        | Noticed a cane toad
   838 | D        | Killed a four-headed hydra
   839 | D        | Reached XP level 10. HP: 106/107 MP: 11/15
   839 | D        | Noticed a four-headed hydra
   839 | D        | Reached ***** piety under the Shining One
   850 | D        | Killed a cane toad
   854 | D        | Killed a four-headed hydra
   855 | D        | Reached skill level 15 in Maces & Flails
  1004 | D        | Noticed a death yak
  1004 | D        | Noticed a four-headed hydra
  1004 | D        | Noticed a cane toad
  1004 | D        | Noticed a black mamba
  1012 | D        | Killed a death yak
  1019 | D        | Noticed an elephant
  1021 | D        | Killed a four-headed hydra
  1022 | D        | Reached skill level 10 in Fighting
  1022 | D        | Reached skill level 10 in Invocations
  1024 | D        | Killed a cane toad
  1025 | D        | Reached skill level 16 in Maces & Flails
  1027 | D        | Killed a black mamba
  1028 | D        | Reached XP level 11. HP: 56/118 MP: 5/17
  1223 | D        | Noticed a lindwurm
  1223 | D        | Noticed a lindwurm
  1223 | D        | Noticed a lindwurm
  1230 | D        | Reached ****** piety under the Shining One
  1234 | D        | Killed a lindwurm
  1237 | D        | Killed a lindwurm
  1241 | D        | Killed a lindwurm
  1336 | D        | Noticed Joseph
  1345 | D        | Killed Joseph
  1346 | D        | Reached skill level 17 in Maces & Flails
  1402 | D        | Noticed an orc sorcerer
  1414 | D        | Killed an orc sorcerer
  1470 | D        | Noticed an orc knight
  1481 | D        | Killed an orc knight
  1499 | D        | Reached skill level 5 in Throwing
  1523 | D        | Identified a +2 giant spiked club of holy wrath (a +0 giant
                  | spiked club blessed by the Shining One)
  1523 | D        | Received a gift from the Shining One
  1534 | D        | Found Xyufir's Book Emporium.
  1534 | D        | Noticed an orc knight
  1534 | D        | Noticed an orc knight
  1535 | D        | Noticed an orc high priest
  1541 | D        | Noticed an orc knight
  1541 | D        | Killed an orc knight
  1542 | D        | Found Xameg's Jewellery Shoppe.
  1542 | D        | Noticed an orc sorcerer
  1546 | D        | Killed an orc knight
  1551 | D        | Found Japlulats's Antique Weapon Emporium.
  1559 | D        | Killed an orc high priest
  1560 | D        | Reached skill level 18 in Maces & Flails
  1563 | D        | Killed an orc sorcerer
  1566 | D        | Killed an orc knight
  1687 | D        | Found Besoteps's Weapon Shoppe.
  1705 | D        | Bought the Volume of Blasting and Bewitchment for 600 gold
                  | pieces
  1707 | D        | Bought an amulet of regeneration for 420 gold pieces
  1714 | D        | Bought a book of Fire for 528 gold pieces
  1904 | D        | Noticed a wizard
  1904 | D        | Noticed a deep elf pyromancer
  1905 | D        | Noticed a red ugly thing
  1911 | D        | Killed a wizard
  1912 | D        | Reached skill level 1 in Armour
  1912 | D        | Reached XP level 12. HP: 132/132 MP: 18/18
  1916 | D        | Noticed an ettin
  1918 | D        | Noticed a fire dragon
  1920 | D        | Noticed a fire dragon
  1947 | D        | Killed an ettin
  2119 | D        | Killed a fire dragon
  2120 | D        | Reached skill level 19 in Maces & Flails
  2125 | D        | Killed a fire dragon
  2166 | D        | Noticed a stone giant
  2174 | D        | Slain by a stone giant

Illustrated notes

Levels and vault maps discovered:
D:        linesprint [early_d, line_temple, items_1, d_10, items_2, lair_1,
          lair_end, items_3, orc_1, orc_end, items_4, d_15, swamp_1, shoals_1,
          snake_1, spider_1, d_20, vaults_1, items_5, swamp_end, shoals_end,
          snake_end, spider_end, vaults_end, d_27, items_6, zot_1, zot_end,
          crypt_end, forest_end, elf_end, slime_end, tomb_end, abyss_end,
          pan_hell_end]

Skill      XL: |  1  2  3  4  5  6  7  8  9 10 11 12 |
---------------+-------------------------------------+-----
Maces & Flails | 6 7 10 11 12 14 16 18 19 | 19.1
Dodging        | 5 8 9 10 11 12 13 | 13.4
Fighting       | 2 3 6 7 9 10 11 12 | 12.4
Invocations    | 4 6 8 10 | 10.5
Throwing       | 5 |  5.1
Armour         | 1 3 |  3.6

Action                   |  1- 3 |  4- 6 |  7- 9 | 10-12 || total
-------------------------+-------+-------+-------+-------++-------
Melee: Flail             |    23 |    39 |       |       ||    62
       Punch             |       |     1 |     1 |     1 ||     3
       Morningstar       |       |     5 |    74 |    66 ||   145
       Giant spiked club |       |       |       |   138 ||   138
Throw: Throwing net      |       |     1 |     2 |       ||     3
       Large rock        |       |       |     1 |       ||     1
       Boomerang         |       |       |     1 |       ||     1
Invok: Divine Shield     |       |       |     1 |     8 ||     9
       Cleansing Flame   |       |       |       |     5 ||     5
       Brand Weapon With |       |       |       |     1 ||     1
       Summon Divine War |       |       |       |     1 ||     1
Evoke: Wand              |       |     2 |     1 |     3 ||     6
  Use: Potion            |     1 |     1 |     6 |     8 ||    16
       Scroll            |       |       |     2 |     5 ||     7
Armor: Robe              |     6 |     7 |    10 |       ||    23
       Troll leather arm |       |       |     4 |    18 ||    22
Dodge: Dodged            |    13 |    27 |    32 |    90 ||   162
Block: Other             |       |       |     1 |    57 ||    58
